 Dungeon Crawl Stone Soup version 0.18.1-5-g4a78601 (webtiles) character file.

34603 namelastname112 the Covert (level 13, 0/111 HPs)
             Began as a Black Draconian Assassin on May 11, 2016.
             Was an Initiate of Gozag.
             Slain by an orc sorcerer
             ... wielding a +0 dagger
             ... led by an orc high priest
              (3 damage)
             ... while paralysed by an orc sorcerer
             ... on level 2 of the Orcish Mines.
             The game lasted 00:37:24 (18695 turns).

namelastname112 the Covert (DrAs)                  Turns: 18695, Time: 00:37:25

Health: 0/111      AC: 13    Str: 14    XL:     13   Next: 43%
Magic:  18/18      EV:  2    Int: 13    God:    Gozag
Gold:   2891       SH:  0    Dex: 18    Spells: 1 memorised, 16 levels left

rFire  . . .     SeeInvis .     A - +6 dagger "Docweb" {pain, rC+ Int+2}
rCold  + . .     Gourm    .     (armour unavailable)
rNeg   . . .     Faith    .     u - +0 buckler
rPois  .         Spirit   .     B - +2 hat
rElec  +         Dismiss  .     c - +1 cloak
rCorr  .         Reflect  .     i - +0 pair of gloves
SustAt .         Harm     .     (no boots)
MR     +....                    y - amulet of regeneration
Stlth  ++++......               T - ring of protection from magic
                                X - ring of Shaolin {EV+8}

@: paralysed, short of breath, studying Crossbows, drained, somewhat resistant
to hostile enchantments, stealthy
A: breathe lightning, unfitting armour, electricity resistance, cold-blooded, AC
+8
a: Breathe Lightning, Potion Petition, Call Merchant, Bribe Branch, Renounce
Religion


You were on level 2 of the Orcish Mines.
You worshipped Gozag.
Gozag was noncommittal.
You were not hungry.

You visited 3 branches of the dungeon, and saw 18 of its levels.
You also visited: Labyrinth.

You collected 4891 gold pieces.
You spent 1920 gold pieces at shops.
You paid 80 gold pieces to Gozag.

Inventory:

Hand Weapons
 b - a +1 blowgun
 n - a +2 dagger of venom
 A - the +6 dagger "Docweb" (weapon) {pain, rC+ Int+2}
   (You found it on level 9 of the Dungeon)

   In the hands of one skilled in necromantic magic, it inflicts extra damage on
   living creatures.
   It affects your intelligence (+2).
   It protects you from cold.
 W - the +7 dagger of Mypyovub {vamp, MR- Int+4, unknown}
   (You found it on level 14 of the Dungeon)

   It inflicts no extra harm, but heals its wielder somewhat when it strikes a
   living foe.
   It affects your intelligence (+4).
   It affects your resistance to hostile enchantments.
Missiles
 d - 62 poisoned needles
 e - 18 curare-tipped needles
Armour
 c - a +1 cloak (worn)
 i - a +0 pair of gloves (worn)
 u - a +0 buckler (worn)
 B - a +2 hat (worn)
Jewellery
 v - an uncursed ring of ice
 y - an amulet of regeneration (around neck)
 L - an uncursed ring of protection from cold
 T - a ring of protection from magic (right hand)
 X - the ring of Shaolin (left hand) {EV+8}
   (You bought it in a shop on level 13 of the Dungeon)

   [ring of evasion]

   It affects your evasion (+8).
Wands
 h - a wand of flame (16/48)
 j - a wand of flame (24/48)
 t - a wand of flame (8/48)
 x - a wand of paralysis (5/24)
 D - a wand of teleportation (9/9)
 F - a wand of iceblast (6/15)
 I - a wand of iceblast (3/15)
 J - a wand of digging (12/24)
 V - a wand of random effects (30/48)
Scrolls
 g - 7 scrolls of enchant armour
 k - 4 scrolls of recharging
 l - 2 scrolls of magic mapping
 m - 9 scrolls of remove curse
 s - a scroll of fog
 G - a scroll of identify
 K - 2 scrolls of teleportation
 Q - 3 scrolls of amnesia
Potions
 a - a potion of might
 o - 3 potions of flight
 p - 3 potions of cure mutation
 r - a potion of heal wounds
 w - 4 potions of berserk rage
 z - 4 potions of ambrosia
 C - a potion of brilliance
 E - 2 potions of haste
 H - 8 potions of curing
 R - 2 potions of magic
 U - a potion of resistance
Books
 M - a book of Necromancy

   Spells                             Type                      Level
   a - Pain                           Necromancy                   1
   b - Animate Skeleton               Necromancy                   1
   c - Vampiric Draining              Necromancy                   3
   d - Regeneration                   Charms/Necromancy            3
   e - Animate Dead                   Necromancy                   4
   f - Control Undead                 Necromancy                   4
 S - a manual of Crossbows
 Z - a book of Dreams

   Spells                             Type                      Level
   a - Ensorcelled Hibernation        Hexes/Ice                    2
   b - Silence                        Hexes/Air                    5
   c - Darkness                       Hexes                        6
   d - Shadow Creatures               Summoning                    6
Miscellaneous
 q - a box of beasts {used: 3}
 N - a plain deck of summoning {drawn: 1}
 O - a sack of spiders
 P - a sack of spiders
Comestibles
 f - 3 bread rations


   Skills:
 + Level 9.4(8.8) Fighting
 + Level 10.4(9.8) Short Blades
 - Level 6.3(5.7) Throwing
 + Level 7.5(6.9) Dodging
 + Level 11.4(10.7) Stealth
 - Level 5.0(4.4) Shields
 + Level 3.8(3.2) Spellcasting
 + Level 4.2(3.7) Charms
 - Level 6.9(6.3) Necromancy
 + Level 5.1(4.5) Evocations


You had 16 spell levels left.
You knew the following spells:

 Your Spells              Type           Power        Failure   Level  Hunger
d - Regeneration          Chrm/Necr      ###.......   12%         3    ###....


Dungeon Overview and Level Annotations

Branches:
Dungeon (15/15)            Temple (1/1) D:4            Lair (0/8) D:9
    Orc (2/2) D:10         Vaults (0/5) D:14
    Elf: Orc:2       Depths: D:15

Altars:
Ashenzari
Cheibriados
Dithmenos
Elyvilon
Fedhas
Gozag
Kikubaaqudgha
Makhleb
Nemelex Xobeh
Okawaru
Pakellas
Qazlal
Ru
Sif Muna
Trog
Vehumet
Xom
Yredelemnul
Zin
The Shining One
Beogh

Shops:
D:8 }   D:11 =   D:13 (==

Annotations:
D:3 George's ghost, amateur DsGl
D:7 exclusion: oklob plant
D:15 ThereIsNoGod's ghost, journeyman DsGl


Innate Abilities, Weirdness & Mutations

You can breathe wild blasts of lightning.
Your glossy black scales are hard (AC +8).
Your body does not fit into most forms of armour.
You are resistant to electric shocks.
You are cold-blooded and may be slowed by cold attacks.


Message History

* * * LOW HITPOINT WARNING * * *
The orc sorcerer hits you with a dagger.
* * * LOW HITPOINT WARNING * * *
The orc high priest mumbles some strange prayers to Beogh against you.
You easily resist.
The orc is no longer distracted by gold.
The orc warrior is no longer distracted by gold.
The orc warrior hits you with a short sword.
* * * LOW HITPOINT WARNING * * *
The orc warrior hits you with a scimitar!
* * * LOW HITPOINT WARNING * * *
The orc sorcerer hits you but does no damage.
The orc high priest hits you but does no damage.
The orc warrior hits you with a short sword.
* * * LOW HITPOINT WARNING * * *
The orc warrior hits you with a scimitar.
* * * LOW HITPOINT WARNING * * *
The orc sorcerer hits you with a dagger.
You die...
Your body crumbles into a pile of gold.

## ### ###.## #######.##
##.#..## ###.#..#...#
#......### ##......#..##
#........#
##...........###.......###
##...........###.$$$......#
##....))......###T...$#....#
#......).#####o@ooo#.## ...#
#.....####$$$##oo.#### ..
#.##...<# #o...# # ###...#
$$ .'.....# #.....#$
8.#......#
####..##...##........
#....########.......
##.........#####...#
##.........## ..##


You could see an orc high priest, a troll, an orc sorcerer, 3 orc warriors and 2
orcs.

Vanquished Creatures
  A minotaur (Lab)
  4 centaur warriors (D:13)
  2 orc high priests
  Sonja (D:13)
  A deep troll (shapeshifter) (D:14)
  2 orc knights
  The ghost of dvd the Geomancer, a novice DDEE of Elyvilon (D:7)
  5 hill giants
  2 unseen horrors
  Pikel (D:6)
  A harpy (D:14)
  2 cyclopes
  5 ugly things
  3 deep elf magi
  A griffon (D:14)
  A gargoyle (D:12)
  A komodo dragon (D:14)
  A freezing wraith (D:14)
  An efreet (D:14)
  6 trolls
  3 two-headed ogres (D:9)
  Sigmund (D:3)
  3 shadows
  A spriggan (D:8)
  A wyvern (D:15)
  A hog (shapeshifter) (D:14)
  7 yaks
  3 water elementals (D:12)
  A wraith (D:10)
  A vampire (D:13)
  A hill giant zombie (D:10)
  3 hippogriffs
  A hungry ghost (D:9)
  Menkaure (D:5)
  A mottled dragon (D:10)
  3 wargs
  A water moccasin (D:10)
  Duvessa (D:5)
  3 slaves (D:6)
  An eye of draining (shapeshifter) (D:14)
  13 orc warriors
  5 sky beasts
  3 black bears
  2 necrophages
  3 ice beasts
  10 ogres
  3 phantoms
  A crocodile (shapeshifter) (D:14)
  26 centaurs
  3 big kobolds
  12 giant frogs
  Dowan (D:5)
  A gnoll sergeant (D:6)
  2 wyvern zombies
  A troll zombie (D:10)
  3 wyvern skeletons
  13 killer bees
  8 wights
  5 electric eels (D:12)
  4 howler monkeys
  2 crimson imps
  5 centaur zombies
  A wyvern simulacrum (D:14)
  A wasp zombie (D:7)
  2 giant frog zombies
  12 jellies
  10 orc priests
  2 hounds
  A giant frog skeleton (D:4)
  Crazy Yiuf (D:3)
  2 centaur skeletons
  4 iguanas
  20 orc wizards
  16 worker ants
  6 ogre zombies (D:10)
  A hound skeleton (D:10)
  8 adders
  3 gnolls (D:6)
  6 shadow imps
  9 oozes
  An adder skeleton (D:4)
  A dart slug (D:1)
  2 giant geckos
  56 orcs
  5 ball pythons
  8 giant cockroaches
  3 goblins
  5 hobgoblins
  9 jackals
  40 kobolds
  7 quokkas
  9 bats
  4 giant newts
  A goblin skeleton (D:10)
  2 goblin zombies (D:10)
  2 hobgoblin skeletons (D:10)
  2 hobgoblin zombies (D:10)
  5 orc skeletons (D:10)
  13 orc zombies (D:10)
  10 rats
  A fungus (D:3)
497 creatures vanquished.

Vanquished Creatures (collateral kills)
  The ghost of mopl the Unseen, a journeyman HEEn of Dithmenos (Orc:1)
  A warg (D:14)
2 creatures vanquished.

Vanquished Creatures (others)
  8 fungi (D:7)
8 creatures vanquished.

Grand Total: 507 creatures vanquished

Notes
Turn   | Place    | Note
--------------------------------------------------------------
     0 | D:1      | namelastname112 the Draconian Assassin began the quest for the Orb.
     0 | D:1      | Reached XP level 1. HP: 17/17 MP: 1/1
    40 | D:1      | Reached skill level 1 in Dodging
   115 | D:1      | Reached XP level 2. HP: 10/24 MP: 2/2
   472 | D:1      | Reached skill level 4 in Stealth
   713 | D:2      | barb4r1an: а как работает двойнок квикблейд?
   728 | D:2      | Reached XP level 3. HP: 29/29 MP: 3/3
   729 | D:2      | namelastname112: бьет два раза в ход
   730 | D:2      | namelastname112: ну
   730 | D:2      | namelastname112: то есть бля
   730 | D:2      | namelastname112: у кб миндилей 0.3
   730 | D:2      | namelastname112: то есть ты 6 раз в ход бьешь
   792 | D:2      | barb4r1an: звучит сильно
  1043 | D:2      | Found a burning altar of Makhleb.
  1106 | D:2      | barb4r1an: а как работает стаб с этого оружия?
  1118 | D:2      | Found a glowing golden altar of the Shining One.
  1213 | D:2      | Reached XP level 4. HP: 33/36 MP: 4/4
  1726 | D:3      | Noticed a giant frog
  1743 | D:3      | Killed a giant frog
  1743 | D:3      | Reached XP level 5. HP: 21/42 MP: 5/5
  1826 | D:3      | Noticed Sigmund
  1881 | D:3      | Found an oddly glowing altar of Pakellas.
  2145 | D:3      | Killed Sigmund
  2145 | D:3      | Reached skill level 5 in Stealth
  2145 | D:3      | Reached XP level 6. HP: 34/51 MP: 6/6
  2294 | D:3      | namelastname112: как и кб, думаю
  2463 | D:3      | Noticed George's ghost (amateur DsGl)
  2573 | D:3      | Noticed Crazy Yiuf
  2586 | D:3      | Killed Crazy Yiuf
  3553 | D:3      | xeno23: че там у ермака творится
  3567 | D:3      | xeno23: 20 зрителей
  3812 | D:3      | Your scales start taking on a glossy black colour.
  3812 | D:3      | Reached XP level 7. HP: 23/57 MP: 7/7
  3812 | D:3      | Gained mutation: You are resistant to electric shocks. [Black Draconian growth]
  4119 | D:4      | Reached skill level 1 in Shields
  4315 | D:4      | Found a staircase to the Ecumenical Temple.
  4357 | Temple   | Entered the Ecumenical Temple
  4449 | Temple   | Became a worshipper of Gozag Ym Sagoz the Greedy
  4519 | D:4      | jacquesderrida: Опять тот пиздюк, небось, который ксзо сломал
  4678 | D:4      | Found a stormy altar of Qazlal.
  4752 | D:5      | Entered Level 5 of the Dungeon
  4757 | D:5      | Noticed Menkaure
  4988 | D:5      | Killed Menkaure
  4988 | D:5      | Reached skill level 6 in Stealth
  5261 | D:5      | Reached skill level 5 in Short Blades
  5261 | D:5      | Reached XP level 8. HP: 66/66 MP: 8/8
  5273 | D:5      | Found a basalt altar of Yredelemnul.
  5385 | D:5      | Noticed Dowan
  5401 | D:5      | Noticed Duvessa
  5430 | D:5      | Killed Duvessa
  5438 | D:5      | Killed Dowan
  5458 | D:5      | Found a shadowy altar of Dithmenos.
  5707 | D:5      | Found a white marble altar of Elyvilon.
  6028 | D:6      | Found an iron altar of Okawaru.
  6077 | D:6      | Reached skill level 7 in Stealth
  6134 | D:6      | Noticed Pikel
  6194 | D:6      | Killed Pikel
  6194 | D:6      | Reached skill level 5 in Fighting
  6194 | D:6      | Reached XP level 9. HP: 74/74 MP: 9/9
  7074 | D:7      | Noticed an oklob plant
  7139 | D:7      | Reached skill level 8 in Stealth
  7463 | D:7      | Noticed dvd's ghost (novice DDEE)
  7516 | D:7      | Killed dvd's ghost
  7516 | D:7      | Reached skill level 5 in Throwing
  7677 | D:7      | Reached XP level 10. HP: 39/83 MP: 10/10
  7728 | D:7      | Found a blossoming altar of Fedhas.
  7728 | D:7      | Found an ancient bone altar of Kikubaaqudgha.
  8444 | D:8      | Found a sacrificial altar of Ru.
  9106 | D:8      | Found Sagovyu's Gadget Emporium.
  9366 | D:9      | Found a staircase to the Lair.
  9368 | D:9      | Reached skill level 5 in Dodging
  9407 | D:9      | Found a shimmering altar of Xom.
  9428 | D:9      | Reached skill level 9 in Stealth
  9460 | D:9      | Got a translucent dagger
  9461 | D:9      | Identified the +6 dagger "Docweb" {pain, rC+ Int+2} (You found it on level 9 of the Dungeon)
  9553 | D:9      | Found a basalt altar of Yredelemnul.
  9579 | D:9      | Reached skill level 5 in Shields
  9780 | D:9      | Found an oddly glowing altar of Pakellas.
  9958 | D:9      | Found a shattered altar of Ashenzari.
  9958 | D:9      | Found a bloodstained altar of Trog.
 10180 | D:10     | Entered Level 10 of the Dungeon
 10641 | D:10     | Found a staircase to the Orcish Mines.
 10883 | D:10     | Noticed a hill giant
 10912 | D:10     | Killed a hill giant
 10921 | D:10     | Reached XP level 11. HP: 41/90 MP: 11/11
 11402 | D:10     | Noticed a hill giant
 11433 | D:10     | Killed a hill giant
 11433 | D:10     | Reached skill level 10 in Stealth
 11963 | D:11     | Noticed a cyan ugly thing
 11965 | D:11     | Killed a cyan ugly thing
 12034 | D:11     | Noticed a red ugly thing
 12077 | D:11     | Killed a red ugly thing
 12098 | D:11     | Reached skill level 1 in Evocations
 12392 | D:11     | Found Ololeh's Jewellery Boutique.
 12414 | D:11     | Found a bloodstained altar of Trog.
 12597 | D:11     | Learned a level 3 spell: Regeneration
 12915 | D:12     | Reached skill level 1 in Necromancy
 13031 | D:12     | Noticed a deep elf mage
 13064 | D:12     | Noticed a white ugly thing
 13212 | D:12     | Noticed a white ugly thing
 13254 | D:12     | Killed a white ugly thing
 13329 | D:12     | Reached skill level 1 in Charms
 13636 | D:12     | Reached skill level 1 in Spellcasting
 13689 | D:12     | Noticed a hill giant
 13702 | D:12     | Killed a hill giant
 13770 | D:12     | Noticed a deep elf mage
 13811 | D:12     | Killed a deep elf mage
 13940 | D:12     | Killed a deep elf mage
 13940 | D:12     | Reached XP level 12. HP: 101/101 MP: 12/14
 14537 | D:13     | Noticed Sonja
 14549 | D:13     | Killed Sonja
 14549 | D:13     | Reached skill level 11 in Stealth
 14609 | D:13     | Found Syonimerri's Jewellery Emporium.
 14668 | D:13     | Noticed a centaur warrior
 14680 | D:13     | barb4r1an: норм амулет
 14691 | D:13     | Killed a centaur warrior
 14979 | D:13     | Noticed a centaur warrior
 14992 | D:13     | Killed a centaur warrior
 14995 | D:13     | Found Daupec's Antique Weapon Shoppe.
 15034 | D:13     | Reached skill level 5 in Necromancy
 15297 | D:13     | Noticed a centaur warrior
 15312 | D:13     | Killed a centaur warrior
 15312 | D:13     | Reached skill level 10 in Short Blades
 15335 | D:13     | Found Eho Osiffe's Jewellery Emporium.
 15345 | D:13     | Bought the ring of Shaolin {EV+8} for 1920 gold pieces
 15393 | D:13     | Noticed a centaur warrior
 15420 | D:13     | Killed a centaur warrior
 15858 | D:14     | Found a gate to the Vaults.
 15928 | D:14     | Got a jewelled dagger
 16165 | D:14     | Reached XP level 13. HP: 91/111 MP: 17/17
 16812 | D:15     | Entered Level 15 of the Dungeon
 16812 | D:15     | Found a labyrinth entrance.
 16817 | Lab      | Entered a labyrinth
 17064 | Lab      | Noticed a minotaur
 17084 | Lab      | Killed a minotaur
 17371 | D:15     | Noticed ThereIsNoGod's ghost (journeyman DsGl)
 17520 | Orc:1    | Entered Level 1 of the Orcish Mines
 17796 | Orc:1    | xeno23: >Your shadow throws a throwing net. The throwing net hits the deep elf blademaster. The deep elf blademaster is caught in the net! _The throwing net disappears in a puff of smoke!
 17820 | Orc:1    | xeno23: chto blyad
 17820 | Orc:1    | namelastname112: да
 17820 | Orc:1    | namelastname112: все метательное
 17820 | Orc:1    | namelastname112: он теперь типа в паутине
 17985 | Orc:1    | Found a roughly hewn altar of Beogh.
 18127 | Orc:1    | Noticed mopl's ghost (journeyman HEEn)
 18383 | Orc:1    | Killed mopl's ghost
 18383 | Orc:1    | Reached skill level 5 in Evocations
 18487 | Orc:2    | Entered Level 2 of the Orcish Mines
 18504 | Orc:2    | Found a roughly hewn altar of Beogh.
 18690 | Orc:2    | Paralysed by an orc sorcerer for 6 turns
 18695 | Orc:2    | HP: 4/111 [orc warrior/short sword[an orc high priest] (5)]
 18695 | Orc:2    | Slain by an orc sorcerer

Skill      XL: |  1  2  3  4  5  6  7  8  9 10 11 12 13 |
---------------+----------------------------------------+-----
Dodging        | 1 2 3 4 5 6 7 |  7.5
Stealth        | 4 5 6 7 8 9 10 11 | 11.4
Throwing       | 2 3 4 5 6 |  6.3
Short Blades   | 3 4 5 6 7 8 9 10 | 10.4
Fighting       | 3 4 5 6 8 9 |  9.4
Shields        | 1 3 4 5 |  5.0
Evocations     | 2 4 5 |  5.1
Necromancy     | 3 6 |  6.9
Charms         | 1 3 4 |  4.2
Spellcasting   | 1 3 |  3.8

Action                   |  1- 3 |  4- 6 |  7- 9 | 10-12 | 13-15 || total
-------------------------+-------+-------+-------+-------+-------++-------
Melee: Dagger            |   152 |   138 |   449 |  1531 |   336 ||  2606
       Tailslap          |    13 |    15 |    79 |   296 |    57 ||   460
 Fire: Blowgun           |       |    30 |       |    16 |     4 ||    50
 Cast: Regeneration      |       |       |       |     3 |     2 ||     5
 Abil: Breathe Lightning |       |       |    12 |    22 |    10 ||    44
Evoke: Wand              |       |       |       |     8 |     2 ||    10
       Deck              |       |       |       |     1 |       ||     1
       Box of beasts     |       |       |       |       |     3 ||     3
  Use: Potion            |       |     2 |     1 |     2 |       ||     5
       Scroll            |       |       |       |    24 |     4 ||    28
 Stab: Sleeping          |    12 |     2 |    10 |    17 |     6 ||    47
       Distracted        |       |       |     6 |     9 |     3 ||    18
       Paralysed         |       |       |       |     1 |     1 ||     2
  Eat: Chunk             |     1 |     6 |     3 |       |       ||    10
       Royal jelly       |       |     1 |       |       |       ||     1
       Beef jerky        |       |       |     3 |     4 |     2 ||     9
       Pizza             |       |       |     1 |     1 |       ||     2
       Meat ration       |       |       |     1 |     2 |       ||     3
       Bread ration      |       |       |       |     4 |     2 ||     6
Armor: Skin              |    56 |    40 |    85 |   279 |    36 ||   496
Dodge: Dodged            |   112 |    62 |   174 |   628 |   265 ||  1241
Block: Buckler           |       |     7 |    52 |   224 |    47 ||   330
